 Dungeon Crawl Stone Soup version 0.16.1-7-g2c6721e (console) character file.

126 gw the Cudgeler (level 4, -3/40 HPs)
             Began as a Deep Dwarf Gladiator on Mar 29, 2015.
             Slain by Purgy (6 damage)
             ... in a sewer.
             The game lasted 00:04:06 (1868 turns).

gw the Cudgeler (Deep Dwarf Gladiator)              Turns: 1868, Time: 00:04:06

Health: -3/40      AC: 12    Str: 18    XL:     4   Next: 84%
Magic:  4/4        EV: 11    Int:  9    God:
Gold:   135        SH:  2    Dex: 14    Spells: 0 memorised, 3 levels left

rFire  . . .     SeeInvis .     a - +1 flail
rCold  . . .     Clarity  .     k - +2 scale mail {MR+}
rNeg   . . .     SustAb   .     (no shield)
rPois  .         Gourm    .     c - +0 helmet
rElec  .         Spirit   .     (no cloak)
rCorr  .         Warding  .     g - +0 pair of gloves
rMut   .         Stasis   .     (no boots)
MR     +....                    (no amulet)
Stlth  ..........               (no ring)
                                (no ring)

@: non-regenerating, somewhat resistant to hostile enchantments, extremely
unstealthy
A: damage resistance, recharge devices, large bone plates 1, sense surroundings
1, slow healing 3, spit poison 1, wild magic 1
a: Device Recharging, Spit Poison


You were in a sewer.
You were near starving.

You visited 1 branch of the dungeon, and saw 3 of its levels.
You also visited: Sewer.

You collected 135 gold pieces.

Inventory:

Hand weapons
 a - a +1 flail (weapon)
Missiles
 d - 3 throwing nets
Armour
 c - a +0 helmet (worn)
 g - a +0 pair of gloves (worn)
 k - a +2 scale mail of magic resistance (worn)
Magical devices
 e - a wand of heal wounds (2)
 q - a wand of digging (11)
Scrolls
 b - a scroll of immolation {unknown}
 h - a scroll of amnesia {unknown}
 p - a scroll of identify
Potions
 i - a potion of curing
Comestibles
 f - 3 bread rations
 j - a beef jerky
 r - a royal jelly


   Skills:
 + Level 2.6 Fighting
 * Level 4.3 Maces & Flails
 - Level 1.7 Throwing
 + Level 2.0 Armour
 - Level 3.2 Dodging
 - Level 2.0 Evocations


You had 3 spell levels left.
You didn't know any spells.

Dungeon Overview and Level Annotations

Branches:
Dungeon (3/15)

Altars:
Zin

Annotations:
Sewer Purgy


Innate Abilities, Weirdness & Mutations

You are resistant to damage.
You can recharge devices by infusing magical energy.
You passively map a small area around you.
You do not heal naturally.
You are partially covered in large bone plates (AC +2, SH +2).
You can spit poison.
Your spells are a little harder to cast, but a little more powerful.


Message History

Purgy bites you. Purgy claws you but does no damage.
Purgy completely misses you. MOVING TO (-2,-1) Purgy bites you!
Purgy closely misses you. Purgy misses you.
MOVING TO (-1,-2) Purgy barely misses you.
Purgy claws you but does no damage. Purgy claws you but does no damage.
MOVING TO (-2,-1) Purgy closely misses you.
Purgy claws you but does no damage. Purgy barely misses you.
MOVING TO (-1,-2) Purgy closely misses you.
Purgy barely misses you. Purgy claws you but does no damage.
MOVING TO (-2,-1) Purgy bites you. Purgy barely misses you.
Purgy completely misses you. MOVING TO (-1,-2) Purgy bites you.
Purgy claws you but does no damage. Purgy barely misses you.
MOVING TO (-2,-1) Purgy bites you!
You die...

* ..##* ##~# ##
.~.~.### #.~.
.##.. #.....###
#.~. ##.~..,
#.....###.~.
....~.#
##..~~....~.
#~~~~.###
###.~.~.###.~( ,
#~..~.####.~~..###
#.~.
*###..~T....~.###
#.~. ###.g....###
##~# ######## #~#
#~# ###


You could see Purgy.

Table legend:
 A = Turns spent in this place as a percentage of turns spent in the entire game.
 B = Non-inter-level travel turns spent in this place as a percentage of non-inter-level travel turns spent in the entire game.
 C = Inter-level travel turns spent in this place as a percentage of turns spent in this place.
 D = Turns resting spent in this place as a percentage of non-inter-level travel turns spent in this place.
 E = Turns spent auto-exploring this place as a percentage of non-inter-level travel turns spent in this place.
 F = Non-inter-level travel turns spent in this place divided by the number of levels of this place that you've seen.
                   A       B       C       D       E      F
               +-------+-------+-------+-------+-------+----------------------
         Total | 100.0 | 100.0 |   0.2 |   0.0 |   2.1 | 1082.5
       Dungeon |  69.7 |  69.6 |   0.2 |   0.0 |   2.9 | 1005.0
         Sewer |  30.3 |  30.4 |   0.0 |   0.0 |   0.3 | 1315.0
               +-------+-------+-------+-------+-------+----------------------

Table legend:
 A = Kills in this place as a percentage of kills in entire the game.
 B = Kills by you in this place as a percentage of kills by you in the entire game.
 C = Kills by friends in this place as a percentage of kills by friends in the entire game.
 D = Other kills in this place as a percentage of other kills in the entire game.
 E = Experience gained in this place as a percentage of experience gained in the entire game.
 F = Experience gained in this place divided by the number of levels of this place that you have seen.
                   A       B       C       D       E      F
               +-------+-------+-------+-------+-------+----------------------
         Total | 100.0 | 100.0 |  -nan |  -nan | 100.0 |  45.2
       Dungeon |  89.1 |  89.1 |  -nan |  -nan |  95.6 |  57.7
         Sewer |  10.9 |  10.9 |  -nan |  -nan |   4.4 |   8.0
               +-------+-------+-------+-------+-------+----------------------

Vanquished Creatures
  6 gnolls
  3 adders (D:2)
  A giant gecko (D:3)
  An ooze (D:1)
  5 bats
  A giant cockroach (D:3)
  7 hobgoblins
  9 kobolds
  A giant newt (D:1)
  A goblin (D:1)
  6 jackals
  5 rats
46 creatures vanquished.

Notes
Turn   | Place    | Note
--------------------------------------------------------------
     0 | D:1      | gw, the Deep Dwarf Gladiator, began the quest for the Orb.
     0 | D:1      | Reached XP level 1. HP: 19/19 MP: 1/1
   235 | D:1      | Reached XP level 2. HP: 19/26 MP: 2/2
   378 | D:1      | Reached skill level 1 in Armour
   627 | D:2      | Reached skill level 1 in Evocations
   672 | D:2      | Reached XP level 3. HP: 25/32 MP: 3/3
   684 | D:2      | Found a glowing silver altar of Zin.
  1364 | D:2      | Reached XP level 4. HP: 30/39 MP: 5/5
  1376 | D:2      | Reached skill level 4 in Maces & Flails
  1408 | D:2      | Gained mutation: You are partially covered in large bone plates (AC +2, SH +2). [potion of mutation]
  1408 | D:2      | Gained mutation: Your spells are a little harder to cast, but a little more powerful. [potion of mutation]
  1408 | D:2      | Gained mutation: You can spit poison. [potion of mutation]
  1517 | D:3      | Found a glowing drain.
  1525 | Sewer    | Entered a sewer
  1582 | Sewer    | Noticed Purgy
  1830 | Sewer    | HP: 2/40 [Purgy (3)]
  1868 | Sewer    | Slain by Purgy

Action                   |  1- 3 |  4- 6 || total
-------------------------+-------+-------++-------
Melee: Flail             |   122 |    42 ||   164
 Abil: Spit Poison       |       |     7 ||     7
       Device Recharging |       |     1 ||     1
Evoke: Wand              |     1 |     5 ||     6
  Use: Scroll            |     3 |     4 ||     7
       Potion            |     1 |     2 ||     3
  Eat: Chunk             |     2 |       ||     2

Vault maps used:
D:1:      evilmike_arrival_plus, minmay_crystal_water
D:2:      zin_academy
D:3:      lightli_sewer_entry_pipes, first_bread, hex_intersection
Sewer:    sewer_the_crocodile
